 Dungeon Crawl Stone Soup version 0.30.0-10-gfe55d96785 (webtiles) character file.

Game seed: 760619894784084802

186 gareppa the Covered (level 5, 0/33 HPs)
             Began as a Gargoyle Fighter on May 15, 2023.
             Slain by Grinder (1 damage)
             ... on level 3 of the Dungeon.
             The game lasted 00:03:14 (2213 turns).

gareppa the Covered (Gargoyle Fighter)              Turns: 2213, Time: 00:03:15

Health: 0/33       AC:  9    Str: 20    XL:     5   Next: 65%
Magic:  5/5        EV:  9    Int:  8    God:
Gold:   64         SH:  5    Dex: 13    Spells: 4/4 levels left

rFire   + . .        a - +1 war axe
rCold   . . .        c - +0 buckler
rNeg    + . .        b - +0 scale mail
rPois   ∞            (no helmet)
rElec   +            (no cloak)
rCorr   .            (no gloves)
SInv    .            e - +0 pair of boots
Will    .....        (no amulet)
Stlth   +            i - ring of protection from fire
HPRegen 0.25/turn    (no ring)
MPRegen 0.09/turn

%: clarity
@: mighty, on berserk cooldown, slowed, very slow
A: sickness immunity, AC +4, negative energy resistance 1, electricity
resistance, torment resistance 1, petrification resistance, camouflage 1, agile
1, clarity, deformed body
a: no special abilities


You were on level 3 of the Dungeon.
You visited 1 branch of the dungeon, and saw 3 of its levels.

You collected 64 gold pieces.

Inventory:

Hand Weapons
 a - a +1 war axe (weapon)
Armour
 b - a +0 scale mail (worn)
 c - a +0 buckler (worn)
 e - a +0 pair of boots (worn)
Jewellery
 i - a ring of protection from fire (left hand)
Wands
 k - a wand of light (13)
Scrolls
 h - a scroll of enchant weapon
 m - a scroll of identify
Potions
 g - a potion of haste


   Skills:
 * Level 4.0 Fighting
 * Level 3.7 Axes
 + Level 4.2 Armour
 + Level 0.2 Stealth
 + Level 4.0 Shields


You had 4 spell levels left.
You didn't know any spells.
Your spell library contained the following spells:

 Spells                   Type           Power      Damage    Failure   Level
 Ignite Poison            Fire/Tmut/Pois 0%         N/A       99%         3
 Sticky Flame             Conj/Fire      0%         2d3       100%        4
 Ignition                 Fire           0%         3d3       100%        8


Dungeon Overview and Level Annotations

Branches:
Dungeon (3/15)

Altars:

Shops:
D:2 [

Annotations:
D:3 Grinder


Innate Abilities, Weirdness & Mutations

You are immune to sickness and miasma.
Your stone body is resilient. (AC +4)
You are immune to poison.
You resist negative energy. (rN+)
You are resistant to electric shocks. (rElec)
You are resistant to unholy torment.
You are immune to petrification.
Your skin changes colour to match your surroundings (Stealth+).
You are agile. (Dex +4, Str/Int -1)
You possess an exceptional clarity of mind.
Armour fits poorly on your strangely shaped body.


Message History

Grinder is moderately wounded.
You closely miss Grinder.
Grinder is moderately wounded.
Grinder hits you but does no damage.
You closely miss Grinder.
Grinder is moderately wounded.
Grinder gestures at you. Pain shoots through your body!
You closely miss Grinder.
Grinder is moderately wounded.
You are no longer berserk.
You are exhausted.
You feel yourself slow down. Grinder hits you.
* * * LOW HITPOINT WARNING * * *
You writhe in agony.
* * * LOW HITPOINT WARNING * * *
You slash Grinder!
Grinder is heavily wounded.
Grinder barely misses you.
Grinder blinks!
Grinder gestures at you.
You suddenly lose the ability to move!
You can move again.
Things that are here:
a +0 troll leather armour {Pargi}; the troll corpse of Pargi Grinder barely misses you.
Grinder gestures at you. Pain shoots through your body!
* * * LOW HITPOINT WARNING * * *
You slash Grinder!
Grinder is almost dead.
Grinder hits you but does no damage. Grinder misses you.
You hit Grinder.
Grinder is almost dead.
Grinder gestures at you. Pain shoots through your body!
* * * LOW HITPOINT WARNING * * *
Grinder hits you.
* * * LOW HITPOINT WARNING * * *
You writhe in agony.
You die...

##...##.## #..
#........#######.. #
##...#.....##.##..
#. ##.##.....#...##.
#.###.##............
#............#...##.
###..........##.###.
#5#.##.######.# #.
#@#.##.# #.# ##
#.#.##.# ##+##
#....##. ##...##
#..### ##.....##
.... ##.......#
.#... #.........
....... +.........
## #.#.. #.........
.. ..# ##.......#


You could see Grinder.

Vanquished Creatures
  Pargi (D:3)
  An adder (D:2)
  3 gnolls (D:2)
  2 dart slugs
  8 ball pythons
  3 bats
  6 endoplasms
  4 giant cockroaches
  2 goblins
  4 hobgoblins
  6 jackals
  A quokka (D:3)
  4 frilled lizards
  4 kobolds
  2 rats (D:2)
51 creatures vanquished.

Notes
Turn   | Place    | Note
-------+----------+-------------------------------------------
     0 | D:1      | gareppa the Gargoyle Fighter began the quest for the Orb.
     0 | D:1      | Reached XP level 1. HP: 14/14 MP: 1/1
    95 | D:1      | Reached XP level 2. HP: 19/19 MP: 2/2
   477 | D:1      | Reached XP level 3. HP: 21/23 MP: 3/3
   867 | D:1      | Gained mutation: You are agile. (Dex +4, Str/Int -1)
                  | [potion of mutation]
   867 | D:1      | Gained mutation: Armour fits poorly on your strangely
                  | shaped body. [potion of mutation]
   867 | D:1      | Gained mutation: You possess an exceptional clarity of
                  | mind. [potion of mutation]
   867 | D:1      | Gained mutation: Your skin changes colour to match your
                  | surroundings (Stealth+). [potion of mutation]
  1017 | D:2      | Found a faded altar of an unknown god.
  1348 | D:2      | Found Keoxolia's Antique Armour Shoppe.
  1850 | D:2      | Reached XP level 4. HP: 28/29 MP: 4/4
  2184 | D:3      | Noticed Pargi
  2186 | D:3      | Noticed Grinder
  2194 | D:3      | Killed Pargi
  2195 | D:3      | Reached XP level 5. HP: 22/33 MP: 5/5
  2196 | D:3      | Paralysed by Grinder for 2 turns
  2205 | D:3      | Paralysed by Grinder for 4 turns
  2213 | D:3      | HP: 1/33 [Grinder (5)]
  2213 | D:3      | Slain by Grinder

Illustrated notes

Levels and vault maps discovered:
D:1:      saegor_arrival_under_anarchy, layout_basic
D:2:      layout_loops_corners, serial_shops, shop,
          ebering_ecumenical_altar_sacrificial
D:3:      layout_loops_corners, uniq_grinder, uniq_crazy_yiuf_cottage,
          uniq_pargi

Skill      XL: |  1  2  3  4 |
---------------+-------------+-----
Axes           | 2 3 |  3.7
Armour         | 4 |  4.2
Fighting       | 4 |  4.0
Shields        | 4 |  4.0
Stealth        | |  0.2

Action                     |  1- 3 |  4- 6 || total
---------------------------+-------+-------++-------
  Melee: War axe           |   118 |    35 ||   153
    Use: Potion            |     4 |     3 ||     7
         Scroll            |     4 |       ||     4
   Stab: Sleeping          |     1 |       ||     1
 Armour: Scale mail        |    82 |    19 ||   101
  Dodge: Dodged            |    62 |    13 ||    75
  Block: Buckler           |    36 |    11 ||    47
